 Dungeon Crawl Stone Soup version 0.13.2 (webtiles) character file.

65 sanboga the Skirmisher (level 2, -1/26 HPs)
             Began as a Naga Abyssal Knight on Dec 5, 2017.
             Was a Follower of Lugonu.
             Slain by a kobold
             ... wielding a +0,+2 short sword
              (2 damage)
             ... on Level 2 of the Dungeon.
             The game lasted 00:02:23 (574 turns).

sanboga the Skirmisher (Naga Abyssal Knight)         Turns: 574, Time: 00:02:23

HP  -1/26        AC  3     Str 14      XL: 2   Next: 33%
MP   2/2         EV  7     Int 12      God: Lugonu [*.....]
Gold 53          SH  0     Dex 10      Spells:  0 memorised,  1 level left

Res.Fire  : . . .   See Invis. : +   a - +2 spear {=f}
Res.Cold  : . . .   Warding    : .   e - +0 ring mail
Life Prot.: . . .   Conserve   : .   (no shield)
Res.Poison: +       Res.Corr.  : .   (no helmet)
Res.Elec. : .       Clarity    : .   (no cloak)
Sust.Abil.: . .     Spirit.Shd : .   (no gloves)
Res.Mut.  : .       Stasis     : .   (no barding)
Res.Rott. : .       Flight     : .   (no amulet)
Saprovore : . . .                    (no ring)
                                     (no ring)

@: very slow, slightly resistant to hostile enchantments, extremely unstealthy
A: spit poison, see invisible, deformed body, poison resistance, slowness 2
a: Spit Poison, Depart the Abyss, Renounce Religion


You were on level 2 of the Dungeon.
You worshipped Lugonu.
Lugonu was aware of your devotion.
You were not hungry.

You visited 1 branch of the dungeon, and saw 2 of its levels.
You visited the Abyss 1 time.

You collected 33 gold pieces.

Inventory:

Hand weapons
 a - a +2,+2 spear (weapon) {=f}
Armour
 e - a +0 ring mail (worn)
Comestibles
 c - a bread ration
 f - a rambutan
Scrolls
 g - a scroll of random uselessness {unknown}
 i - a scroll of remove curse {unknown}
 j - a scroll of recharging {unknown}
 k - a scroll of noise {unknown}
 l - a scroll of curse armour {unknown}
Potions
 b - a potion of beneficial mutation {unknown}
 d - a potion of curing {unknown}
 h - a potion of invisibility {unknown}
 m - a potion of flight {unknown}


   Skills:
 + Level 3.4 Fighting
 + Level 2.0 Polearms
 + Level 1.7 Armour
 + Level 0.8 Dodging
 + Level 2.0 Invocations


You had one spell level left.
You didn't know any spells.

Dungeon Overview and Level Annotations

Branches:
Dungeon (2/27)

Altars:
the Shining One


Innate Abilities, Weirdness & Mutations

You cannot wear boots.
You can spit poison.
You have supernaturally acute eyesight.
Armour fits poorly on your strangely shaped body.
Your system is resistant to poisons.
You cover ground very slowly.


Message History

You closely miss the adder.
The adder is moderately wounded.
The kobold barely misses you. The adder barely misses you.
You hit the adder.
The adder is severely wounded.
The adder bites you. The kobold hits you with a short sword.
* * * LOW HITPOINT WARNING * * *
You closely miss the adder.
The adder is severely wounded.
The adder bites you.
* * * LOW HITPOINT WARNING * * *
The kobold hits you with a short sword.
* * * LOW HITPOINT WARNING * * *
The adder closely misses you.
You hit the adder.
The adder is almost dead.
The adder bites you.
* * * LOW HITPOINT WARNING * * *
The kobold hits you with a short sword.
You die...

....#.#....................
#.......<....######...#.###
.##....#..................._
..........#######.#...##.##.
.#.#.#.#....# .. #.........
..#.......##.. ####......
...#.#.#....# . ........
..........#######..#####.###
.....#.#[.K@S....... ...
###......######.... #.#
.......#......... ...
.####.........# ###....$...
.....$... .....##.. .....# #
......


You could see an adder and a kobold.

Vanquished Creatures
  A giant mite (D:1)
  2 bats (D:1)
  A hobgoblin (D:1)
  A giant newt (D:1)
  A kobold (D:1)
  A rat (D:1)
7 creatures vanquished.

Notes
Turn   | Place    | Note
--------------------------------------------------------------
     0 | Abyss:1  | sanboga, the Naga Abyssal Knight, began the quest for the Orb.
     0 | Abyss:1  | Reached XP level 1. HP: 19/19 MP: 1/1
    12 | D:1      | Escaped the Abyss
   205 | D:1      | Reached XP level 2. HP: 19/26 MP: 2/2
   515 | D:2      | Found a glowing golden altar of the Shining One.
   574 | D:2      | HP: 1/26 [adder (3)]
   574 | D:2      | Slain by a kobold

Action                   || total
-------------------------++-------
Melee: Spear             ||    26
  Use: Scroll            ||     1
